 Dungeon Crawl Stone Soup version 0.31.0-32-g396128a36d (webtiles) character file.

Game seed: 6155369882944927339

1397 Curundu the Cleaver (level 8, 0/62 (70) HPs)
             Began as a Minotaur Berserker on Apr 12, 2024.
             Was a Priest of Trog.
             Slain by a wight
             ... wielding a +3 battleaxe of freezing
              (3 damage)
             ... on level 6 of the Dungeon.
             The game lasted 00:13:58 (4384 turns).

Curundu the Cleaver (Minotaur Berserker)            Turns: 4384, Time: 00:14:00

HP:   0/62 (70)     AC: 11    Str: 24    XL:     8   Next: 41%
MP:   7/7           EV:  9    Int:  4    God:    Trog [***...]
Gold: 220           SH:  0    Dex: 10    Spells: 7/7 levels left

rFire   . . .        o - +2 hand axe (freeze)
rCold   . . .        (no shield)
rNeg    . . .        l - +0 chain mail
rPois   .            u - +0 hat
rElec   .            n - +0 cloak
rCorr   .            (no gloves)
SInv    .            (no boots)
Will    ++...        (no amulet) Stlth
                     (no ring)
HPRegen 1.30/turn    (no ring)
MPRegen 0.10/turn

%: no passive effects
@: strong-willed (expiring), on berserk cooldown, regenerating (expiring),
slowed, heavily drained, very slow
A: horns 2, retaliatory headbutt
a: Renounce Religion, Berserk, Trog's Hand


You were on level 6 of the Dungeon.
You worshipped Trog.
Trog was most pleased with you.
You visited 1 branch of the dungeon, and saw 6 of its levels.

You collected 220 gold pieces.

Inventory:

Hand Weapons
 o - a +2 hand axe of freezing (weapon)
Missiles
 d - 5 javelins (quivered)
 k - a throwing net
Armour
 l - a +0 chain mail (worn)
 n - a +0 cloak (worn)
 u - a +0 hat (worn)
Wands
 f - a wand of roots (8)
Scrolls
 a - a scroll of blinking {unknown}
 c - 4 scrolls of identify {unknown}
 i - a scroll of revelation {unknown}
 p - 3 scrolls of enchant weapon {unknown}
 r - a scroll of poison {unknown}
Potions
 b - a potion of brilliance {unknown}
 e - 3 potions of curing {unknown}
 g - 2 potions of ambrosia {unknown}
 h - a potion of cancellation {unknown}
 j - 4 potions of heal wounds {unknown}
 m - a potion of attraction {unknown}
 q - a potion of degeneration {unknown}
 s - 2 potions of mutation {unknown}
 t - a potion of resistance {unknown}


   Skills:
 + Level 6.1 Fighting
 + Level 9.7 Axes
 + Level 6.4 Armour
 + Level 3.5 Dodging
 + Level 0.8 Stealth


You had 7 spell levels left.
You didn't know any spells.
Your spell library was empty.

Dungeon Overview and Level Annotations

Branches:
Dungeon (6/15)             Temple (0/1) D:6

Altars:


Innate Abilities, Weirdness & Mutations

You have a pair of horns on your head.
You reflexively headbutt those who attack you in melee.


Message History

You feel drained. The wight closely misses you. You furiously retaliate!
You headbutt the wight. You hit the wight.
The wight is heavily damaged.
The wight hits you but does no damage. The wight hits you with a +3 flail.
You feel drained.
You hit the wight.
You headbutt the wight, but do no damage.
The wight is severely damaged.
The wight hits you but does no damage. The wight barely misses you.
You furiously retaliate!
You headbutt the wight. You hit the wight.
You destroy the wight!
Trog accepts your kill.
The wight hits you from afar with a +0 spear!
You feel drained. The wight completely misses you. The wight barely misses you.
You hit the wight but do no damage.
You feel the effects of Trog's Hand fading.
The wight hits you from afar with a +0 spear.
You feel drained.
The wight hits you with a +3 battleaxe of freezing!
You feel drained.
* * * LOW HITPOINT WARNING * * *
The wight freezes you.
* * * LOW HITPOINT WARNING * * *
Unknown command.
You hit the wight. Your punch misses the wight.
The wight is lightly damaged.
The wight hits you with a +3 battleaxe of freezing.
* * * LOW HITPOINT WARNING * * *
The wight freezes you.
* * * LOW HITPOINT WARNING * * *
The wight hits you but does no damage. The wight attacks as it pursues you!
The wight hits you but does no damage.
The wight hits you from afar with a +0 spear.
* * * LOW HITPOINT WARNING * * *
You feel drained.
* * * LOW HITPOINT WARNING * * *
The wight hits you with a +3 battleaxe of freezing.
You die...

#.#........ ### ..###
#.[....##.#... ......
#......##.#.# ......
.#...........# ...#..
....<......######......
......).†.....z#...#.#.
..............z#.......
.#........#####z..#.⌠.
#.............@#......
#.####.......#...⌠.>.⌠ ..
.............#.......#.......
.
...###..........#.⌠.#.........
.......####...........#.......
. ...............#.#..........
.............................
...............#.#...........
..........[..................


You could see 3 wights.

Vanquished Creatures
  Pikel (D:6)
  A water moccasin (D:6)
  An ice beast (D:5)
  A black bear (D:5)
  2 lemures (D:6)
  A scorpion (D:5)
  A wight (D:6)
  A bombardier beetle (D:4)
  A hound (D:5)
  A jelly (D:5)
  3 orc priests
  A sleepcap (D:4)
  A gnoll bouda (D:5)
  An orc wizard (D:4)
  2 iguanas
  7 gnolls
  5 adders
  4 dart slugs
  2 ribbon worms
  17 orcs
  2 bats
  5 endoplasms
  3 giant cockroaches
  5 goblins
  7 hobgoblins
  A quokka (D:5)
  3 ball pythons
  3 frilled lizards
  8 kobolds
  6 rats
97 creatures vanquished.

Notes
Turn   | Place    | Note
-------+----------+-------------------------------------------
     0 | D:1      | Curundu the Minotaur Berserker began the quest for the Orb.
     0 | D:1      | Reached XP level 1. HP: 19/19 MP: 0/0
   308 | D:1      | Reached XP level 2. HP: 27/27 MP: 1/1
   331 | D:1      | Reached skill level 4 in Axes
   741 | D:2      | Reached XP level 3. HP: 29/33 MP: 2/2
   894 | D:2      | Reached ** piety under Trog
  1774 | D:3      | Reached XP level 4. HP: 41/41 MP: 3/3
  1880 | D:3      | Found a faded altar of an unknown god.
  2076 | D:3      | Reached skill level 5 in Axes
  2889 | D:4      | Reached skill level 5 in Fighting
  2889 | D:4      | Reached XP level 5. HP: 48/48 MP: 4/4
  2925 | D:4      | You fall into a shaft and drop 1 floor!
  2925 | D:5      | Entered Level 5 of the Dungeon
  3077 | D:5      | Reached skill level 6 in Axes
  3077 | D:5      | Reached XP level 6. HP: 56/56 MP: 5/5
  3866 | D:5      | Reached *** piety under Trog
  3871 | D:5      | Reached skill level 7 in Axes
  3917 | D:5      | Noticed an ice beast
  3924 | D:5      | Killed an ice beast
  3925 | D:5      | Reached XP level 7. HP: 61/61 MP: 6/6
  4048 | D:5      | Reached skill level 5 in Armour
  4334 | D:6      | Found a staircase to the Ecumenical Temple.
  4343 | D:6      | Noticed Pikel
  4358 | D:6      | Killed Pikel
  4359 | D:6      | Reached skill level 9 in Axes
  4359 | D:6      | Reached XP level 8. HP: 38/70 MP: 7/7
  4384 | D:6      | HP: 3/62 [wight/+0 spear (1)]
  4384 | D:6      | Slain by a wight

Illustrated notes

Levels and vault maps discovered:
D:1:      dpeg_arrival_pits, layout_loops_cross
D:2:      layout_basic, minmay_misc_feat_tower, chequers_avenue
D:3:      layout_loops_corners, hellmonk_ecumenical_altar_prayer_group,
          lemuel_flame_loot_1
D:4:      layout_cave_pools, kennysheep_generic_room_3
D:5:      layout_cave_pools, kennysheep_cross_bottleneck
D:6:      layout_basic, minmay_temple_entry_sparse_star,
          nicolae_twisty_statue_hallways, uniq_pikel

Skill      XL: |  1  2  3  4  5  6  7 |
---------------+----------------------+-----
Axes           | 4 5 6 7 9 |  9.7
Fighting       | 4 5 6 |  6.1
Dodging        | 3 |  3.5
Armour         | 3 4 6 |  6.4
Stealth        | |  0.8

Action                     |  1- 3 |  4- 6 |  7- 9 || total
---------------------------+-------+-------+-------++-------
  Melee: Hand axe          |    80 |   109 |    42 ||   231
         Headbutt          |     6 |    21 |     9 ||    36
         Punch             |       |     3 |       ||     3
 Invoke: Berserk           |       |     3 |     1 ||     4
         Trog's Hand       |       |     1 |     3 ||     4
 Armour: Animal skin       |    40 |    15 |       ||    55
         Chain mail        |       |    74 |    60 ||   134
  Dodge: Dodged            |    59 |    58 |    23 ||   140
